WCHLSIM.com - West Coast Hockey League
html PUBLIC "-//W3C//DTD XHTML 1.0 Transitional//EN" "http://www.w3.org/TR/xhtml1/DTD/xhtml1-transitional.dtd"> WCHL - Game 549 - SPOKANE KNIGHTS vs KELOWNA ROCKETS

SPOKANE KNIGHTS vs KELOWNA ROCKETS

Created - 30 janvier 2021 at 22:42

Goals
1 2 3 T
SPOKANE KNIGHTS 2 0 1 3
KELOWNA ROCKETS 0 1 0 1
Shots
1 2 3 T
SPOKANE KNIGHTS 7 11 10 28
KELOWNA ROCKETS 12 7 9 28

1st period

1. SPOKANE KNIGHTS , Patrick Kane 11 (Nick Foligno 7, Sebastian Aho 20) at 10:23
2. SPOKANE KNIGHTS , Patrick Kane 12 (Nick Foligno 8, Sebastian Aho 21) at 12:04

Penalties :
Nick Foligno (SPO) for Hooking (Minor) at 1:45, Nick Foligno (SPO) for Roughing (Minor) at 14:03, Mario Ferraro (SPO) for Holding (Minor) at 18:12

2nd period

3. KELOWNA ROCKETS , Auston Matthews 26 (Alexander Ovechkin 15, Jonas Siegenthaler 7) at 18:39

Penalties :
No Penalty

3rd period

4. SPOKANE KNIGHTS , Nick Foligno 2 (Patrice Bergeron 14, Justin Abdelkader 9) at 16:59 (PP)

Penalties :
Dmitri Orlov (KEL) for Boarding (Minor) at 12:23, Kristopher Letang (KEL) for Tripping (Minor) at 15:29

Goalie Stats

Frederik Andersen (SPO), 27 saves from 28 shots - (0,964), W, 10-10-1, 60:00 minutes
Marcus Hogberg (KEL), 25 saves from 28 shots - (0,893), L, 9-4-2, 60:00 minutes

Players Stats for SPOKANE KNIGHTS

Player Name              G  A  P  +/- PIM S  H  SB GA TA FO     MP     PP MP  PK MP  
------------------------------------------------------------------------------------
Blake Wheeler            0  0  0  -1  0   4  2  0  0  0  0/0    20:24   2:05   0:00 
Cale Makar               0  0  0   2  0   0  1  1  0  0  0/0    21:56   1:24   1:06 
Dan Hamhuis              0  0  0  -1  0   0  0  0  0  0  0/0    14:34   0:00   0:00 
Gabriel Bourque          0  0  0   0  0   0  2  0  0  0  0/1     4:55   0:00   0:00 
Gaetan Haas              0  0  0   0  0   1  1  0  0  0  7/23   17:14   0:00   2:19 
Garnet Hathaway          0  0  0   0  0   1  1  0  0  0  0/0     4:55   0:00   0:00 
Jani Hakanpaa            0  0  0   0  0   0  1  0  0  0  0/0     3:02   0:00   2:20 
Jared Spurgeon           0  0  0   0  0   1  2  3  0  0  0/0    24:27   2:05   2:58 
Justin Abdelkader        0  1  1   2  0   0  3  0  0  0  0/1    21:14   1:24   2:50 
Mario Ferraro            0  0  0  -1  2   0  1  0  0  0  0/0    13:36   0:00   1:53 
Matthew Tkachuk          0  0  0  -1  0   2  5  0  0  0  0/1    21:12   2:05   0:48 
Nick Foligno             1  2  3   2  4   1  2  0  0  0  0/2    18:36   1:24   1:20 
Patrice Bergeron         0  1  1  -1  0   8  1  0  0  0  17/21  20:46   1:24   0:43 
Patrick Kane             2  0  2   2  0   5  0  0  0  0  0/1    19:05   2:05   0:00 
Sebastian Aho            0  2  2   2  0   3  0  0  0  0  16/26  19:05   2:05   0:00 
Tyler Pitlick            0  0  0   0  0   0  1  0  0  0  0/2    11:55   0:00   1:35 
Valeri Nichushkin        0  0  0   0  0   1  0  0  0  0  0/1    12:39   0:00   2:19 
Victor Hedman            0  0  0   0  0   1  1  2  0  0  0/0    24:25   1:24   3:37 

Players Stats for KELOWNA ROCKETS

Player Name              G  A  P  +/- PIM S  H  SB GA TA FO     MP     PP MP  PK MP  
------------------------------------------------------------------------------------
Adam Fox                 0  0  0   0  0   0  0  0  0  0  0/0    19:58   2:40   1:11 
Alexander Ovechkin       0  1  1   1  0   6  2  0  0  0  1/1    20:37   3:53   0:42 
Anthony Cirelli          0  0  0  -2  0   0  2  1  0  0  8/14   20:18   1:16   1:36 
Auston Matthews          1  0  1   1  0   4  1  0  0  0  8/23   17:55   0:00   1:53 
Dmitri Orlov             0  0  0  -1  2   1  1  0  0  0  0/0    19:44   2:43   0:36 
Evgeny Kuznetsov         0  0  0   1  0   2  1  0  0  0  16/24  23:18   4:02   0:00 
Ilya Kovalchuk           0  0  0   0  0   1  0  0  0  0  0/0    13:04   3:26   0:00 
Joakim Nordstrom         0  0  0   0  0   0  1  0  0  0  0/2     8:13   0:12   0:00 
Jonas Siegenthaler       0  1  1   1  0   0  0  1  0  0  0/0    14:34   0:00   1:42 
Jordan Eberle            0  0  0   0  0   0  0  0  0  0  0/0     2:14   0:00   0:00 
Kristopher Letang        0  0  0  -1  2   1  1  5  0  0  0/0    24:20   2:43   0:59 
Mark Giordano            0  0  0  -2  0   2  2  2  0  0  0/0    23:45   0:34   1:54 
Niklas Hjalmarsson       0  0  0   1  0   0  0  1  0  0  0/0    14:23   0:00   0:36 
Pavel Buchnevich         0  0  0  -2  0   4  0  0  0  0  1/3    20:39   2:19   0:54 
Scott Wilson             0  0  0   0  0   0  0  0  0  0  0/1     8:01   0:00   0:00 
Tyler Bertuzzi           0  0  0  -2  0   3  1  1  0  0  0/2    25:24   3:26   1:53 
Vladimir Tarasenko       0  0  0   0  0   3  0  0  0  0  0/0    11:36   2:31   0:00 
Vladislav Kamenev        0  0  0   0  0   1  0  0  0  0  5/9     8:26   0:00   0:00 

3 Stars

1 - Patrick Kane (SPO)
2 - Nick Foligno (SPO)
3 - Frederik Andersen (SPO)

Power Play

SPOKANE KNIGHTS - 1 on 2 Attempt(s) - 50,00%
KELOWNA ROCKETS - 0 on 3 Attempt(s) - 0,00%

Penalty Kill

SPOKANE KNIGHTS - 3 on 3 Attempt(s) - 100,00% - Score 0 goal in Penalty Kill
KELOWNA ROCKETS - 1 on 2 Attempt(s) - 50,00% - Score 0 goal in Penalty Kill

Team Stat

SPOKANE KNIGHTS - Hits : 24 - Faceoff Wins : 40 - Blocked Shots : 6 - Penalty Minutes : 6
KELOWNA ROCKETS - Hits : 12 - Faceoff Wins : 39 - Blocked Shots : 11 - Penalty Minutes : 4

Official

Referees : Brad Meier and Brandon Blandina
Linesman : Vaughan Rody and Matt Brady

Game Notes

Jordan Eberle is injured at 8:51 of 1st period (Groin)

Finance

Level 1 -- Attendance: 6600 (100,00%) -- Ticket Income 818 400 $
Level 2 -- Attendance: 5423 (96,84%) -- Ticket Income 509 762 $
Level 3 -- Attendance: 2727 (85,22%) -- Ticket Income 174 528 $
Level 4 -- Attendance: 4614 (82,39%) -- Ticket Income 249 156 $
Luxury Box -- Attendance: 1000 (100,00%) -- Ticket Income 259 000 $
Game was played at the Cherepanov Coliseum.
Total Attendance: 20364 (92,56%)
Total Ticket Income: 2 010 846 $
Other Expense: 20 108 $
Total Income: 1 990 738 $

SPOKANE KNIGHTS

5 vs 5 Forward 
   Center                   Left Wing                Right Wing               Time % Phy DF OF 
 1 Patrice Bergeron         Matthew Tkachuk          Blake Wheeler            36     1   1  3  
 2 Sebastian Aho            Justin Abdelkader        Patrick Kane             35     1   1  3  
 3 Gaetan Haas              Valeri Nichushkin        Tyler Pitlick            19     1   2  2  
 4 Gaetan Haas              Garnet Hathaway          Gabriel Bourque          10     1   2  2  

5 vs 5 Defense 
   Defense                  Defense                                           Time % Phy DF OF 
 1 Victor Hedman            Jared Spurgeon                                    37     1   2  2  
 2 Nick Foligno             Cale Makar                                        31     1   2  2  
 3 Dan Hamhuis              Mario Ferraro                                     22     1   3  1  
 4 Dan Hamhuis              Cale Makar                                        10     1   3  1  

PowerPlay Forward 
   Center                   Left Wing                Right Wing               Time % Phy DF OF 
 1 Sebastian Aho            Matthew Tkachuk          Patrick Kane             60     1   1  3  
 2 Patrice Bergeron         Nick Foligno             Justin Abdelkader        40     1   1  3  

PowerPlay Defense
   Defense                  Defense                                           Time % Phy DF OF 
 1 Jared Spurgeon           Blake Wheeler                                     60     0   1  4  
 2 Cale Makar               Victor Hedman                                     40     0   1  4  

Penalty Kill 4 Players Forward 
   Center                   Wing                     Time % Phy DF OF 
 1 Nick Foligno             Justin Abdelkader        55     1   3  1  
 2 Gaetan Haas              Valeri Nichushkin        45     1   3  1  

Penalty Kill 4 Players Defense
   Defense                  Defense                  Time % Phy DF OF 
 1 Jared Spurgeon           Victor Hedman            60     1   3  1  
 2 Mario Ferraro            Jani Hakanpaa            40     1   3  1  

Penalty Kill - 3 Players Forward 
   Forward                                           Time % Phy DF OF 
 1 Patrice Bergeron                                  60     0   5  0  
 2 Blake Wheeler                                     40     0   5  0  

Penalty Kill - 3 Players Defense
   Defense                  Defense                  Time % Phy DF OF 
 1 Jared Spurgeon           Victor Hedman            60     0   5  0  
 2 Nick Foligno             Dan Hamhuis              40     0   5  0  

4 vs 4 Forward 
   Center                   Wing                     Time % Phy DF OF 
 1 Patrice Bergeron         Blake Wheeler            50     1   2  2  
 2 Sebastian Aho            Patrick Kane             50     1   2  2  

4 vs 4 Defense
   Defense                  Defense                  Time % Phy DF OF 
 1 Jared Spurgeon           Victor Hedman            60     1   2  2  
 2 Cale Makar               Nick Foligno             40     1   2  2  

Last Minutes Offensive
   Center                   Left Wing                Right Wing               Defense                  Defense                  
   Patrice Bergeron         Matthew Tkachuk          Patrick Kane             Blake Wheeler            Victor Hedman            

Last Minutes Defensive
   Center                   Left Wing                Right Wing               Defense                  Defense                  
   Patrice Bergeron         Nick Foligno             Blake Wheeler            Jared Spurgeon           Victor Hedman            

Goaltenders
Starting : Frederik Andersen        
Backup : Mike Smith               

Extra Forwards
Normal : Tyler Pitlick, Garnet Hathaway, Gabriel Bourque - PP : Patrick Kane, Matthew Tkachuk - PK : Tyler Pitlick
Extra Defensemen
Normal : Dan Hamhuis, Mario Ferraro, Cale Makar - PP : Cale Makar - PK : Mario Ferraro, Cale Makar
Penalty Shots
Blake Wheeler, Patrick Kane, Sebastian Aho, Cale Makar, Matthew Tkachuk
Custom OT Lines Forwards
Patrice Bergeron, Blake Wheeler, Sebastian Aho, Patrick Kane, Nick Foligno, Matthew Tkachuk, Valeri Nichushkin, Justin Abdelkader, Gaetan Haas, Garnet Hathaway
Custom OT Lines Defensemen
Victor Hedman, Jared Spurgeon, Cale Makar, Dan Hamhuis, Mario Ferraro

Scratches
Roman Polak (Bruised Left Foot Injury)

KELOWNA ROCKETS

5 vs 5 Forward 
   Center                   Left Wing                Right Wing               Time % Phy DF OF 
 1 Auston Matthews          Alexander Ovechkin       Jordan Eberle            38     0   2  3  
 2 Anthony Cirelli          Pavel Buchnevich         Tyler Bertuzzi           37     1   2  2  
 3 Evgeny Kuznetsov         Ilya Kovalchuk           Vladimir Tarasenko       25     1   2  2  
 4 Vladislav Kamenev        Joakim Nordstrom         Scott Wilson             0      1   2  2  

5 vs 5 Defense 
   Defense                  Defense                                           Time % Phy DF OF 
 1 Mark Giordano            Dmitri Orlov                                      34     1   2  2  
 2 Adam Fox                 Kristopher Letang                                 32     1   2  2  
 3 Jonas Siegenthaler       Niklas Hjalmarsson                                21     1   2  2  
 4 Mark Giordano            Kristopher Letang                                 13     1   2  2  

PowerPlay Forward 
   Center                   Left Wing                Right Wing               Time % Phy DF OF 
 1 Evgeny Kuznetsov         Ilya Kovalchuk           Tyler Bertuzzi           65     0   0  5  
 2 Evgeny Kuznetsov         Alexander Ovechkin       Vladimir Tarasenko       35     0   0  5  

PowerPlay Defense
   Defense                  Defense                                           Time % Phy DF OF 
 1 Alexander Ovechkin       Adam Fox                                          65     0   1  4  
 2 Dmitri Orlov             Kristopher Letang                                 35     0   2  3  

Penalty Kill 4 Players Forward 
   Center                   Wing                     Time % Phy DF OF 
 1 Auston Matthews          Jordan Eberle            55     1   3  1  
 2 Anthony Cirelli          Pavel Buchnevich         45     1   3  1  

Penalty Kill 4 Players Defense
   Defense                  Defense                  Time % Phy DF OF 
 1 Mark Giordano            Jonas Siegenthaler       55     1   2  2  
 2 Adam Fox                 Kristopher Letang        45     1   2  2  

Penalty Kill - 3 Players Forward 
   Forward                                           Time % Phy DF OF 
 1 Auston Matthews                                   55     1   4  0  
 2 Jordan Eberle                                     45     1   4  0  

Penalty Kill - 3 Players Defense
   Defense                  Defense                  Time % Phy DF OF 
 1 Mark Giordano            Jonas Siegenthaler       55     1   2  2  
 2 Adam Fox                 Kristopher Letang        45     1   2  2  

4 vs 4 Forward 
   Center                   Wing                     Time % Phy DF OF 
 1 Auston Matthews          Jordan Eberle            55     0   2  3  
 2 Evgeny Kuznetsov         Alexander Ovechkin       45     0   2  3  

4 vs 4 Defense
   Defense                  Defense                  Time % Phy DF OF 
 1 Mark Giordano            Jonas Siegenthaler       55     1   2  2  
 2 Kristopher Letang        Dmitri Orlov             45     1   2  2  

Last Minutes Offensive
   Center                   Left Wing                Right Wing               Defense                  Defense                  
   Auston Matthews          Alexander Ovechkin       Jordan Eberle            Mark Giordano            Kristopher Letang        

Last Minutes Defensive
   Center                   Left Wing                Right Wing               Defense                  Defense                  
   Auston Matthews          Pavel Buchnevich         Jordan Eberle            Mark Giordano            Kristopher Letang        

Goaltenders
Starting : Marcus Hogberg           
Backup : Tuukka Rask              

Extra Forwards
Normal : Alexander Ovechkin, Evgeny Kuznetsov, Tyler Bertuzzi - PP : Pavel Buchnevich, Anthony Cirelli - PK : Tyler Bertuzzi
Extra Defensemen
Normal : Mark Giordano, Jonas Siegenthaler, Adam Fox - PP : Mark Giordano - PK : Dmitri Orlov, Niklas Hjalmarsson
Penalty Shots
Alexander Ovechkin, Auston Matthews, Evgeny Kuznetsov, Jordan Eberle, Ilya Kovalchuk
Custom OT Lines Forwards
Auston Matthews, Alexander Ovechkin, Evgeny Kuznetsov, Jordan Eberle, Anthony Cirelli, Pavel Buchnevich, Tyler Bertuzzi, Ilya Kovalchuk, Vladimir Tarasenko, Joakim Nordstrom
Custom OT Lines Defensemen
Mark Giordano, Adam Fox, Kristopher Letang, Dmitri Orlov, Jonas Siegenthaler

Scratches
None


% Time on Ice - SPOKANE KNIGHTS

Lines # - Real PCT - Wanted PCT - Time Play
Normal Forward
1 - 36% - 36% - 18:19
2 - 34% - 35% - 17:00
3 - 20% - 19% - 10:20
4 - 10% - 10% - 4:55
Normal Defense
1 - 38% - 37% - 19:24
2 - 31% - 31% - 15:54
3 - 23% - 22% - 11:44
4 - 7% - 10% - 3:32
PP Forward
1 - 60% - 60% - 2:05
2 - 40% - 40% - 1:24
PP Defense
1 - 60% - 60% - 2:05
2 - 40% - 40% - 1:24
PK Forward
1 - 61% - 55% - 3:38
2 - 39% - 45% - 2:19
PK Defense
1 - 61% - 60% - 3:37
2 - 39% - 40% - 2:20
PK3 Forward
1 - 0% - 60%
2 - 0% - 40%
PK3 Defense
1 - 0% - 60%
2 - 0% - 40%
44 Forward
1 - 0% - 50%
2 - 0% - 50%
44 Defense
1 - 0% - 60%
2 - 0% - 40%
Last Minute Offensive  - 0:00
Last Minute Defensive  - 0:00
Total
Forward - 60:00
Defense - 60:00

% Time on Ice - KELOWNA ROCKETS

Lines # - Real PCT - Wanted PCT - Time Play
Normal Forward
1 - 32% - 38% - 16:02
2 - 34% - 37% - 17:26
3 - 18% - 25% - 9:05
4 - 16% - 0% - 8:01
Normal Defense
1 - 32% - 34% - 16:26
2 - 28% - 32% - 14:08
3 - 25% - 21% - 12:52
4 - 14% - 13% - 7:08
PP Forward
1 - 58% - 65% - 3:26
2 - 42% - 35% - 2:31
PP Defense
1 - 54% - 65% - 3:14
2 - 46% - 35% - 2:43
PK Forward
1 - 74% - 55% - 2:35
2 - 26% - 45% - 0:54
PK Defense
1 - 49% - 55% - 1:42
2 - 51% - 45% - 1:47
PK3 Forward
1 - 0% - 55%
2 - 0% - 45%
PK3 Defense
1 - 0% - 55%
2 - 0% - 45%
44 Forward
1 - 0% - 55%
2 - 0% - 45%
44 Defense
1 - 0% - 55%
2 - 0% - 45%
Last Minute Offensive  - 0:00
Last Minute Defensive  - 0:00
Total
Forward - 60:00
Defense - 60:00

Play-by-Play

1st period


0:01 of 1st period - Patrice Bergeron wins face-off versus Auston Matthews in neutral zone.
0:54 of 1st period - Mark Giordano is hit by Blake Wheeler.
1:02 of 1st period - Patrice Bergeron is hit by Alexander Ovechkin and loses puck.
1:27 of 1st period - Shot by Pavel Buchnevich.
1:27 of 1st period - Shot Misses the Net.
1:45 of 1st period - Minor Penalty to Nick Foligno for Hooking.
1:46 of 1st period - Evgeny Kuznetsov wins face-off versus Justin Abdelkader in SPOKANE KNIGHTS zone.
2:11 of 1st period - Shot by Alexander Ovechkin.
2:11 of 1st period - Shot Misses the Net.
2:13 of 1st period - Shot by Ilya Kovalchuk.
2:13 of 1st period - Shot Misses the Net.
4:02 of 1st period - Icing by Jonas Siegenthaler.
4:03 of 1st period - Patrice Bergeron wins face-off versus Vladislav Kamenev in KELOWNA ROCKETS zone.
4:15 of 1st period - Off-side.
4:16 of 1st period - Evgeny Kuznetsov wins face-off versus Sebastian Aho in neutral zone.
4:23 of 1st period - Shot by Ilya Kovalchuk.
4:23 of 1st period - Shot Misses the Net.
4:25 of 1st period - Shot by Kristopher Letang.
4:25 of 1st period - Shot Blocked by Cale Makar.
5:37 of 1st period - Shot by Pavel Buchnevich.
5:37 of 1st period - Shot Misses the Net.
5:39 of 1st period - Shot by Mark Giordano.
5:39 of 1st period - Stopped by Frederik Andersen with a rebound.
5:41 of 1st period - Shot by Mark Giordano.
5:41 of 1st period - Shot Blocked by Victor Hedman.
5:43 of 1st period - Shot by Dmitri Orlov.
5:43 of 1st period - Shot Misses the Net.
5:45 of 1st period - Shot by Mark Giordano.
5:45 of 1st period - Stopped by Frederik Andersen without a rebound.
5:46 of 1st period - Gaetan Haas wins face-off versus Auston Matthews in SPOKANE KNIGHTS zone.
6:08 of 1st period - Shot by Gaetan Haas.
6:08 of 1st period - Shot Misses the Net.
6:10 of 1st period - Shot by Gaetan Haas.
6:10 of 1st period - Shot Blocked by Niklas Hjalmarsson.
6:12 of 1st period - Shot by Valeri Nichushkin.
6:12 of 1st period - Shot Misses the Net.
6:48 of 1st period - Shot by Patrice Bergeron.
6:48 of 1st period - Stopped by Marcus Hogberg with a rebound.
7:22 of 1st period - Shot by Nick Foligno.
7:22 of 1st period - Shot Misses the Net.
7:24 of 1st period - Shot by Gaetan Haas.
7:24 of 1st period - Shot Misses the Net.
8:34 of 1st period - Shot by Patrice Bergeron.
8:34 of 1st period - Stopped by Marcus Hogberg without a rebound.
8:35 of 1st period - Patrice Bergeron wins face-off versus Auston Matthews in KELOWNA ROCKETS zone.
8:50 of 1st period - Jordan Eberle is hit by Matthew Tkachuk and loses puck.
8:51 of 1st period - Jordan Eberle from KELOWNA ROCKETS is injured at 8:51 of 1st period (Groin).
8:52 of 1st period - Vladislav Kamenev wins face-off versus Gaetan Haas in KELOWNA ROCKETS zone.
9:05 of 1st period - Shot by Jared Spurgeon.
9:05 of 1st period - Stopped by Marcus Hogberg with a rebound.
9:40 of 1st period - Icing by Kristopher Letang.
9:41 of 1st period - Sebastian Aho wins face-off versus Tyler Bertuzzi in KELOWNA ROCKETS zone.
10:09 of 1st period - Shot by Sebastian Aho.
10:09 of 1st period - Shot Blocked by Kristopher Letang.
10:11 of 1st period - Shot by Justin Abdelkader.
10:11 of 1st period - Shot Misses the Net.
10:21 of 1st period - Shot by Patrick Kane.
10:21 of 1st period - Shot Misses the Net.
10:23 of 1st period - Shot by Patrick Kane.
10:23 of 1st period - Goal by Patrick Kane - SPOKANE KNIGHTS : 1 - KELOWNA ROCKETS : 0.
10:24 of 1st period - Evgeny Kuznetsov wins face-off versus Patrice Bergeron in neutral zone.
10:29 of 1st period - Shot by Alexander Ovechkin.
10:29 of 1st period - Shot Misses the Net.
10:52 of 1st period - Patrice Bergeron is hit by Evgeny Kuznetsov and loses puck.
10:58 of 1st period - Blake Wheeler is hit by Auston Matthews and loses puck.
11:05 of 1st period - Shot by Patrice Bergeron.
11:05 of 1st period - Shot Blocked by Jonas Siegenthaler.
11:07 of 1st period - Shot by Patrice Bergeron.
11:07 of 1st period - Shot Misses the Net.
11:19 of 1st period - Jared Spurgeon is hit by Alexander Ovechkin and loses puck.
12:04 of 1st period - Shot by Patrick Kane.
12:04 of 1st period - Goal by Patrick Kane - SPOKANE KNIGHTS : 2 - KELOWNA ROCKETS : 0.
12:05 of 1st period - Sebastian Aho wins face-off versus Vladislav Kamenev in neutral zone.
12:07 of 1st period - Off-side.
12:08 of 1st period - Patrice Bergeron wins face-off versus Scott Wilson in neutral zone.
12:43 of 1st period - Shot by Patrice Bergeron.
12:43 of 1st period - Stopped by Marcus Hogberg without a rebound.
12:44 of 1st period - Auston Matthews wins face-off versus Sebastian Aho in KELOWNA ROCKETS zone.
12:44 of 1st period - Auston Matthews is hit by Justin Abdelkader.
13:04 of 1st period - Shot by Alexander Ovechkin.
13:04 of 1st period - Deflect By Auston Matthews.
13:04 of 1st period - Shot Blocked by Jared Spurgeon.
13:06 of 1st period - Shot by Dmitri Orlov.
13:06 of 1st period - Shot Misses the Net.
13:08 of 1st period - Shot by Mark Giordano.
13:08 of 1st period - Shot Misses the Net.
13:18 of 1st period - Shot by Alexander Ovechkin.
13:18 of 1st period - Shot Misses the Net.
13:59 of 1st period - Tyler Bertuzzi is hit by Nick Foligno and loses puck.
14:03 of 1st period - Minor Penalty to Nick Foligno for Roughing.
14:04 of 1st period - Evgeny Kuznetsov wins face-off versus Tyler Pitlick in SPOKANE KNIGHTS zone.
14:07 of 1st period - Shot by Alexander Ovechkin.
14:07 of 1st period - Stopped by Frederik Andersen without a rebound.
14:08 of 1st period - Evgeny Kuznetsov wins face-off versus Tyler Pitlick in SPOKANE KNIGHTS zone.
15:23 of 1st period - Shot by Pavel Buchnevich.
15:23 of 1st period - Stopped by Frederik Andersen without a rebound.
15:24 of 1st period - Pavel Buchnevich wins face-off versus Gaetan Haas in SPOKANE KNIGHTS zone.
15:31 of 1st period - Shot by Vladimir Tarasenko.
15:31 of 1st period - Stopped by Frederik Andersen without a rebound.
15:32 of 1st period - Gaetan Haas wins face-off versus Evgeny Kuznetsov in SPOKANE KNIGHTS zone.
16:09 of 1st period - Icing by Blake Wheeler.
16:10 of 1st period - Patrice Bergeron wins face-off versus Vladislav Kamenev in SPOKANE KNIGHTS zone.
16:41 of 1st period - Icing by Cale Makar.
16:42 of 1st period - Patrice Bergeron wins face-off versus Auston Matthews in SPOKANE KNIGHTS zone.
17:05 of 1st period - Shot by Tyler Bertuzzi.
17:05 of 1st period - Deflect By Auston Matthews.
17:05 of 1st period - Shot Misses the Net.
17:07 of 1st period - Shot by Tyler Bertuzzi.
17:07 of 1st period - Stopped by Frederik Andersen with a rebound.
17:25 of 1st period - Shot by Tyler Bertuzzi.
17:25 of 1st period - Shot Misses the Net.
17:27 of 1st period - Shot by Auston Matthews.
17:27 of 1st period - Stopped by Frederik Andersen without a rebound.
17:28 of 1st period - Sebastian Aho wins face-off versus Evgeny Kuznetsov in SPOKANE KNIGHTS zone.
17:35 of 1st period - Kristopher Letang is hit by Justin Abdelkader and loses puck.
17:44 of 1st period - Shot by Sebastian Aho.
17:44 of 1st period - Stopped by Marcus Hogberg with a rebound.
17:46 of 1st period - Shot by Mario Ferraro.
17:46 of 1st period - Shot Misses the Net.
18:12 of 1st period - Shot by Evgeny Kuznetsov.
18:12 of 1st period - Stopped by Frederik Andersen without a rebound.
18:12 of 1st period - Minor Penalty to Mario Ferraro for Holding.
18:13 of 1st period - Evgeny Kuznetsov wins face-off versus Gaetan Haas in SPOKANE KNIGHTS zone.
18:14 of 1st period - Shot by Ilya Kovalchuk.
18:14 of 1st period - Stopped by Frederik Andersen without a rebound.
18:15 of 1st period - Evgeny Kuznetsov wins face-off versus Valeri Nichushkin in SPOKANE KNIGHTS zone.
18:27 of 1st period - Icing by Tyler Bertuzzi.
18:28 of 1st period - Evgeny Kuznetsov wins face-off versus Nick Foligno in KELOWNA ROCKETS zone.
19:14 of 1st period - Pavel Buchnevich is hit by Jared Spurgeon.
19:38 of 1st period - Shot by Kristopher Letang.
19:38 of 1st period - Stopped by Frederik Andersen with a rebound.
19:40 of 1st period - Shot by Pavel Buchnevich.
19:40 of 1st period - Stopped by Frederik Andersen without a rebound.
19:41 of 1st period - Evgeny Kuznetsov wins face-off versus Gaetan Haas in SPOKANE KNIGHTS zone.
19:44 of 1st period - Shot by Evgeny Kuznetsov.
19:44 of 1st period - Stopped by Frederik Andersen without a rebound.
19:45 of 1st period - Evgeny Kuznetsov wins face-off versus Gaetan Haas in SPOKANE KNIGHTS zone.
19:59 of 1st period - Tyler Bertuzzi is hit by Jani Hakanpaa and loses puck.
Goals for this period are 2 for SPOKANE KNIGHTS vs 0 for KELOWNA ROCKETS.
Shots for this period are 7 for SPOKANE KNIGHTS vs 12 for KELOWNA ROCKETS.

2nd period


0:01 of 2nd period - Evgeny Kuznetsov wins face-off versus Nick Foligno in neutral zone.
0:08 of 2nd period - Shot by Alexander Ovechkin.
0:08 of 2nd period - Shot Misses the Net.
0:10 of 2nd period - Shot by Ilya Kovalchuk.
0:10 of 2nd period - Shot Misses the Net.
0:36 of 2nd period - Shot by Valeri Nichushkin.
0:36 of 2nd period - Shot Misses the Net.
0:38 of 2nd period - Shot by Valeri Nichushkin.
0:38 of 2nd period - Stopped by Marcus Hogberg without a rebound.
0:39 of 2nd period - Sebastian Aho wins face-off versus Anthony Cirelli in KELOWNA ROCKETS zone.
1:01 of 2nd period - Shot by Tyler Bertuzzi.
1:01 of 2nd period - Shot Blocked by Jared Spurgeon.
1:09 of 2nd period - Adam Fox is hit by Justin Abdelkader and loses puck.
1:16 of 2nd period - Shot by Patrick Kane.
1:16 of 2nd period - Shot Blocked by Kristopher Letang.
1:22 of 2nd period - Jared Spurgeon is hit by Anthony Cirelli and loses puck.
1:57 of 2nd period - Shot by Auston Matthews.
1:57 of 2nd period - Stopped by Frederik Andersen without a rebound.
1:58 of 2nd period - Gaetan Haas wins face-off versus Evgeny Kuznetsov in SPOKANE KNIGHTS zone.
2:06 of 2nd period - Icing by Ilya Kovalchuk.
2:07 of 2nd period - Patrice Bergeron wins face-off versus Evgeny Kuznetsov in KELOWNA ROCKETS zone.
2:10 of 2nd period - Shot by Blake Wheeler.
2:10 of 2nd period - Stopped by Marcus Hogberg with a rebound.
2:22 of 2nd period - Shot by Blake Wheeler.
2:22 of 2nd period - Deflect By Patrice Bergeron.
2:22 of 2nd period - Shot Misses the Net.
2:24 of 2nd period - Shot by Patrice Bergeron.
2:24 of 2nd period - Stopped by Marcus Hogberg without a rebound.
2:25 of 2nd period - Auston Matthews wins face-off versus Gaetan Haas in KELOWNA ROCKETS zone.
3:33 of 2nd period - Shot by Pavel Buchnevich.
3:33 of 2nd period - Shot Blocked by Victor Hedman.
3:35 of 2nd period - Shot by Pavel Buchnevich.
3:35 of 2nd period - Stopped by Frederik Andersen without a rebound.
3:36 of 2nd period - Vladislav Kamenev wins face-off versus Sebastian Aho in SPOKANE KNIGHTS zone.
3:47 of 2nd period - Shot by Patrick Kane.
3:47 of 2nd period - Stopped by Marcus Hogberg without a rebound.
3:48 of 2nd period - Patrice Bergeron wins face-off versus Tyler Bertuzzi in KELOWNA ROCKETS zone.
4:07 of 2nd period - Shot by Kristopher Letang.
4:07 of 2nd period - Shot Misses the Net.
4:20 of 2nd period - Tyler Bertuzzi is hit by Mario Ferraro and loses puck.
4:26 of 2nd period - Off-side.
4:27 of 2nd period - Sebastian Aho wins face-off versus Auston Matthews in neutral zone.
4:34 of 2nd period - Icing by Auston Matthews.
4:35 of 2nd period - Sebastian Aho wins face-off versus Auston Matthews in KELOWNA ROCKETS zone.
4:42 of 2nd period - Shot by Sebastian Aho.
4:42 of 2nd period - Stopped by Marcus Hogberg with a rebound.
4:55 of 2nd period - Off-side.
4:56 of 2nd period - Patrice Bergeron wins face-off versus Anthony Cirelli in neutral zone.
5:18 of 2nd period - Off-side.
5:19 of 2nd period - Auston Matthews wins face-off versus Sebastian Aho in neutral zone.
5:34 of 2nd period - Shot by Auston Matthews.
5:34 of 2nd period - Shot Hit the Post.
5:36 of 2nd period - Shot by Auston Matthews.
5:36 of 2nd period - Deflect By Alexander Ovechkin.
5:36 of 2nd period - Stopped by Frederik Andersen without a rebound.
5:37 of 2nd period - Anthony Cirelli wins face-off versus Gabriel Bourque in SPOKANE KNIGHTS zone.
5:54 of 2nd period - Shot by Tyler Bertuzzi.
5:54 of 2nd period - Shot Misses the Net.
6:03 of 2nd period - Tyler Bertuzzi is hit by Cale Makar and loses puck.
6:12 of 2nd period - Shot by Pavel Buchnevich.
6:12 of 2nd period - Stopped by Frederik Andersen without a rebound.
6:13 of 2nd period - Sebastian Aho wins face-off versus Evgeny Kuznetsov in SPOKANE KNIGHTS zone.
6:20 of 2nd period - Shot by Patrick Kane.
6:20 of 2nd period - Stopped by Marcus Hogberg without a rebound.
6:21 of 2nd period - Sebastian Aho wins face-off versus Evgeny Kuznetsov in KELOWNA ROCKETS zone.
8:14 of 2nd period - Off-side.
8:15 of 2nd period - Gaetan Haas wins face-off versus Vladislav Kamenev in neutral zone.
8:43 of 2nd period - Shot by Valeri Nichushkin.
8:43 of 2nd period - Shot Misses the Net.
9:11 of 2nd period - Shot by Patrick Kane.
9:11 of 2nd period - Stopped by Marcus Hogberg without a rebound.
9:12 of 2nd period - Patrice Bergeron wins face-off versus Pavel Buchnevich in KELOWNA ROCKETS zone.
9:29 of 2nd period - Shot by Patrice Bergeron.
9:29 of 2nd period - Shot Blocked by Mark Giordano.
9:41 of 2nd period - Shot by Anthony Cirelli.
9:41 of 2nd period - Shot Misses the Net.
9:52 of 2nd period - Icing by Patrice Bergeron.
9:53 of 2nd period - Patrice Bergeron wins face-off versus Auston Matthews in SPOKANE KNIGHTS zone.
10:37 of 2nd period - Icing by Cale Makar.
10:38 of 2nd period - Anthony Cirelli wins face-off versus Sebastian Aho in SPOKANE KNIGHTS zone.
11:25 of 2nd period - Icing by Niklas Hjalmarsson.
11:26 of 2nd period - Anthony Cirelli wins face-off versus Gaetan Haas in KELOWNA ROCKETS zone.
11:28 of 2nd period - Icing by Tyler Bertuzzi.
11:29 of 2nd period - Gaetan Haas wins face-off versus Pavel Buchnevich in KELOWNA ROCKETS zone.
11:43 of 2nd period - Off-side.
11:44 of 2nd period - Patrice Bergeron wins face-off versus Auston Matthews in neutral zone.
13:19 of 2nd period - Tyler Bertuzzi is hit by Gaetan Haas and loses puck.
13:43 of 2nd period - Icing by Jonas Siegenthaler.
13:44 of 2nd period - Sebastian Aho wins face-off versus Anthony Cirelli in KELOWNA ROCKETS zone.
14:17 of 2nd period - Dan Hamhuis is hit by Tyler Bertuzzi and loses puck.
14:54 of 2nd period - Shot by Patrice Bergeron.
14:54 of 2nd period - Shot Misses the Net.
14:56 of 2nd period - Shot by Patrice Bergeron.
14:56 of 2nd period - Shot Misses the Net.
15:14 of 2nd period - Shot by Blake Wheeler.
15:14 of 2nd period - Stopped by Marcus Hogberg without a rebound.
15:15 of 2nd period - Evgeny Kuznetsov wins face-off versus Gaetan Haas in KELOWNA ROCKETS zone.
15:15 of 2nd period - Evgeny Kuznetsov is hit by Gabriel Bourque.
15:34 of 2nd period - Kristopher Letang is hit by Garnet Hathaway and loses puck.
15:42 of 2nd period - Garnet Hathaway is hit by Kristopher Letang.
15:52 of 2nd period - Shot by Garnet Hathaway.
15:52 of 2nd period - Deflect By Gaetan Haas.
15:52 of 2nd period - Stopped by Marcus Hogberg with a rebound.
15:59 of 2nd period - Icing by Kristopher Letang.
16:00 of 2nd period - Evgeny Kuznetsov wins face-off versus Patrice Bergeron in KELOWNA ROCKETS zone.
16:00 of 2nd period - Vladimir Tarasenko is hit by Matthew Tkachuk and loses puck.
16:14 of 2nd period - Evgeny Kuznetsov is hit by Matthew Tkachuk.
16:32 of 2nd period - Shot by Blake Wheeler.
16:32 of 2nd period - Shot Blocked by Mark Giordano.
16:34 of 2nd period - Shot by Matthew Tkachuk.
16:34 of 2nd period - Shot Misses the Net.
16:36 of 2nd period - Shot by Blake Wheeler.
16:36 of 2nd period - Stopped by Marcus Hogberg without a rebound.
16:37 of 2nd period - Anthony Cirelli wins face-off versus Sebastian Aho in KELOWNA ROCKETS zone.
16:56 of 2nd period - Shot by Tyler Bertuzzi.
16:56 of 2nd period - Stopped by Frederik Andersen without a rebound.
16:57 of 2nd period - Auston Matthews wins face-off versus Gaetan Haas in SPOKANE KNIGHTS zone.
17:31 of 2nd period - Cale Makar is hit by Mark Giordano.
17:40 of 2nd period - Off-side.
17:41 of 2nd period - Sebastian Aho wins face-off versus Anthony Cirelli in neutral zone.
18:00 of 2nd period - Shot by Sebastian Aho.
18:00 of 2nd period - Shot Misses the Net.
18:15 of 2nd period - Shot by Patrick Kane.
18:15 of 2nd period - Shot Blocked by Anthony Cirelli.
18:17 of 2nd period - Shot by Justin Abdelkader.
18:17 of 2nd period - Shot Misses the Net.
18:19 of 2nd period - Shot by Victor Hedman.
18:19 of 2nd period - Stopped by Marcus Hogberg without a rebound.
18:20 of 2nd period - Patrice Bergeron wins face-off versus Auston Matthews in KELOWNA ROCKETS zone.
18:39 of 2nd period - Shot by Alexander Ovechkin.
18:39 of 2nd period - Deflect By Auston Matthews.
18:39 of 2nd period - Goal by Auston Matthews - SPOKANE KNIGHTS : 2 - KELOWNA ROCKETS : 1.
18:40 of 2nd period - Vladislav Kamenev wins face-off versus Gaetan Haas in neutral zone.
18:53 of 2nd period - Shot by Dmitri Orlov.
18:53 of 2nd period - Stopped by Frederik Andersen with a rebound.
18:59 of 2nd period - Vladislav Kamenev is hit by Gabriel Bourque and loses puck.
Goals for this period are 0 for SPOKANE KNIGHTS vs 1 for KELOWNA ROCKETS.
Shots for this period are 11 for SPOKANE KNIGHTS vs 7 for KELOWNA ROCKETS.

3rd period


0:01 of 3rd period - Evgeny Kuznetsov wins face-off versus Sebastian Aho in neutral zone.
0:22 of 3rd period - Shot by Vladimir Tarasenko.
0:22 of 3rd period - Stopped by Frederik Andersen without a rebound.
0:23 of 3rd period - Auston Matthews wins face-off versus Gaetan Haas in SPOKANE KNIGHTS zone.
0:24 of 3rd period - Shot by Alexander Ovechkin.
0:24 of 3rd period - Stopped by Frederik Andersen without a rebound.
0:25 of 3rd period - Auston Matthews wins face-off versus Gaetan Haas in SPOKANE KNIGHTS zone.
0:34 of 3rd period - Shot by Auston Matthews.
0:34 of 3rd period - Shot Hit the Post.
1:12 of 3rd period - Shot by Alexander Ovechkin.
1:12 of 3rd period - Stopped by Frederik Andersen without a rebound.
1:13 of 3rd period - Anthony Cirelli wins face-off versus Sebastian Aho in SPOKANE KNIGHTS zone.
1:16 of 3rd period - Shot by Kristopher Letang.
1:16 of 3rd period - Shot Misses the Net.
1:18 of 3rd period - Shot by Tyler Bertuzzi.
1:18 of 3rd period - Stopped by Frederik Andersen without a rebound.
1:19 of 3rd period - Anthony Cirelli wins face-off versus Sebastian Aho in SPOKANE KNIGHTS zone.
2:16 of 3rd period - Icing by Sebastian Aho.
2:17 of 3rd period - Evgeny Kuznetsov wins face-off versus Patrick Kane in SPOKANE KNIGHTS zone.
2:22 of 3rd period - Shot by Evgeny Kuznetsov.
2:22 of 3rd period - Shot Misses the Net.
2:41 of 3rd period - Shot by Vladimir Tarasenko.
2:41 of 3rd period - Stopped by Frederik Andersen with a rebound.
2:52 of 3rd period - Icing by Mark Giordano.
2:53 of 3rd period - Patrice Bergeron wins face-off versus Evgeny Kuznetsov in KELOWNA ROCKETS zone.
2:56 of 3rd period - Shot by Matthew Tkachuk.
2:56 of 3rd period - Stopped by Marcus Hogberg with a rebound.
2:58 of 3rd period - Shot by Blake Wheeler.
2:58 of 3rd period - Shot Misses the Net.
3:18 of 3rd period - Shot by Blake Wheeler.
3:18 of 3rd period - Deflect By Patrice Bergeron.
3:18 of 3rd period - Stopped by Marcus Hogberg without a rebound.
3:19 of 3rd period - Gaetan Haas wins face-off versus Auston Matthews in KELOWNA ROCKETS zone.
3:26 of 3rd period - Shot by Auston Matthews.
3:26 of 3rd period - Stopped by Frederik Andersen without a rebound.
3:27 of 3rd period - Patrice Bergeron wins face-off versus Auston Matthews in SPOKANE KNIGHTS zone.
3:37 of 3rd period - Icing by Victor Hedman.
3:38 of 3rd period - Patrice Bergeron wins face-off versus Anthony Cirelli in SPOKANE KNIGHTS zone.
3:53 of 3rd period - Icing by Jonas Siegenthaler.
3:54 of 3rd period - Anthony Cirelli wins face-off versus Gaetan Haas in KELOWNA ROCKETS zone.
4:01 of 3rd period - Shot by Pavel Buchnevich.
4:01 of 3rd period - Shot Misses the Net.
5:17 of 3rd period - Shot by Blake Wheeler.
5:17 of 3rd period - Stopped by Marcus Hogberg without a rebound.
5:18 of 3rd period - Sebastian Aho wins face-off versus Auston Matthews in KELOWNA ROCKETS zone.
6:42 of 3rd period - Shot by Patrice Bergeron.
6:42 of 3rd period - Stopped by Marcus Hogberg with a rebound.
6:44 of 3rd period - Shot by Matthew Tkachuk.
6:44 of 3rd period - Shot Misses the Net.
6:48 of 3rd period - Shot by Patrice Bergeron.
6:48 of 3rd period - Stopped by Marcus Hogberg without a rebound.
6:49 of 3rd period - Vladislav Kamenev wins face-off versus Gaetan Haas in KELOWNA ROCKETS zone.
7:06 of 3rd period - Joakim Nordstrom is hit by Victor Hedman and loses puck.
7:17 of 3rd period - Shot by Vladislav Kamenev.
7:17 of 3rd period - Deflect By Joakim Nordstrom.
7:17 of 3rd period - Shot Misses the Net.
7:19 of 3rd period - Shot by Joakim Nordstrom.
7:19 of 3rd period - Shot Misses the Net.
7:47 of 3rd period - Shot by Pavel Buchnevich.
7:47 of 3rd period - Deflect By Tyler Bertuzzi.
7:47 of 3rd period - Shot Misses the Net.
9:11 of 3rd period - Shot by Patrice Bergeron.
9:11 of 3rd period - Shot Misses the Net.
9:24 of 3rd period - Off-side.
9:25 of 3rd period - Gaetan Haas wins face-off versus Evgeny Kuznetsov in neutral zone.
10:00 of 3rd period - Shot by Evgeny Kuznetsov.
10:00 of 3rd period - Shot Blocked by Jared Spurgeon.
10:24 of 3rd period - Auston Matthews is hit by Tyler Pitlick and loses puck.
10:41 of 3rd period - Shot by Alexander Ovechkin.
10:41 of 3rd period - Stopped by Frederik Andersen without a rebound.
10:42 of 3rd period - Auston Matthews wins face-off versus Sebastian Aho in SPOKANE KNIGHTS zone.
11:17 of 3rd period - Icing by Dan Hamhuis.
11:18 of 3rd period - Sebastian Aho wins face-off versus Joakim Nordstrom in SPOKANE KNIGHTS zone.
11:20 of 3rd period - Icing by Patrick Kane.
11:21 of 3rd period - Sebastian Aho wins face-off versus Joakim Nordstrom in SPOKANE KNIGHTS zone.
11:26 of 3rd period - Shot by Patrick Kane.
11:26 of 3rd period - Deflect By Sebastian Aho.
11:26 of 3rd period - Shot Blocked by Kristopher Letang.
11:50 of 3rd period - Shot by Vladislav Kamenev.
11:50 of 3rd period - Stopped by Frederik Andersen without a rebound.
11:51 of 3rd period - Auston Matthews wins face-off versus Patrice Bergeron in SPOKANE KNIGHTS zone.
11:51 of 3rd period - Mark Giordano is hit by Nick Foligno and loses puck.
11:58 of 3rd period - Auston Matthews is hit by Patrice Bergeron.
12:01 of 3rd period - Alexander Ovechkin is hit by Matthew Tkachuk and loses puck.
12:13 of 3rd period - Evgeny Kuznetsov is hit by Blake Wheeler and loses puck.
12:18 of 3rd period - Shot by Patrice Bergeron.
12:18 of 3rd period - Shot Misses the Net.
12:23 of 3rd period - Minor Penalty to Dmitri Orlov for Boarding.
12:24 of 3rd period - Sebastian Aho wins face-off versus Auston Matthews in KELOWNA ROCKETS zone.
14:19 of 3rd period - Shot by Blake Wheeler.
14:19 of 3rd period - Shot Blocked by Tyler Bertuzzi.
14:21 of 3rd period - Shot by Jared Spurgeon.
14:21 of 3rd period - Shot Blocked by Kristopher Letang.
14:26 of 3rd period - Garnet Hathaway is hit by Dmitri Orlov and loses puck.
14:37 of 3rd period - Shot by Evgeny Kuznetsov.
14:37 of 3rd period - Deflect By Vladimir Tarasenko.
14:37 of 3rd period - Shot Misses the Net.
14:40 of 3rd period - Icing by Dan Hamhuis.
14:41 of 3rd period - Vladislav Kamenev wins face-off versus Gaetan Haas in SPOKANE KNIGHTS zone.
14:53 of 3rd period - Shot by Garnet Hathaway.
14:53 of 3rd period - Stopped by Marcus Hogberg with a rebound.
14:55 of 3rd period - Shot by Gaetan Haas.
14:55 of 3rd period - Shot Blocked by Kristopher Letang.
14:57 of 3rd period - Shot by Gaetan Haas.
14:57 of 3rd period - Shot Misses the Net.
15:19 of 3rd period - Patrice Bergeron is hit by Joakim Nordstrom and loses puck.
15:29 of 3rd period - Minor Penalty to Kristopher Letang for Tripping.
15:30 of 3rd period - Sebastian Aho wins face-off versus Auston Matthews in KELOWNA ROCKETS zone.
15:31 of 3rd period - Shot by Blake Wheeler.
15:31 of 3rd period - Shot Misses the Net.
16:55 of 3rd period - Shot by Patrice Bergeron.
16:55 of 3rd period - Shot Misses the Net.
16:57 of 3rd period - Shot by Patrice Bergeron.
16:57 of 3rd period - Stopped by Marcus Hogberg with a rebound.
16:59 of 3rd period - Shot by Nick Foligno.
16:59 of 3rd period - Goal by Nick Foligno - SPOKANE KNIGHTS : 3 - KELOWNA ROCKETS : 1.
17:00 of 3rd period - Evgeny Kuznetsov wins face-off versus Gaetan Haas in neutral zone.
17:29 of 3rd period - Valeri Nichushkin is hit by Mark Giordano.
17:59 of 3rd period - Shot by Sebastian Aho.
17:59 of 3rd period - Stopped by Marcus Hogberg without a rebound.
18:00 of 3rd period - Alexander Ovechkin wins face-off versus Matthew Tkachuk in KELOWNA ROCKETS zone.
18:08 of 3rd period - Icing by Patrice Bergeron.
18:09 of 3rd period - Anthony Cirelli wins face-off versus Patrice Bergeron in SPOKANE KNIGHTS zone.
18:20 of 3rd period - Shot by Matthew Tkachuk.
18:20 of 3rd period - Stopped by Marcus Hogberg without a rebound.
18:21 of 3rd period - Sebastian Aho wins face-off versus Auston Matthews in KELOWNA ROCKETS zone.
18:31 of 3rd period - Auston Matthews is hit by Jared Spurgeon and loses puck.
18:42 of 3rd period - Shot by Alexander Ovechkin.
18:42 of 3rd period - Stopped by Frederik Andersen without a rebound.
18:43 of 3rd period - Patrice Bergeron wins face-off versus Anthony Cirelli in SPOKANE KNIGHTS zone.
19:21 of 3rd period - Blake Wheeler is hit by Anthony Cirelli and loses puck.
19:28 of 3rd period - Pavel Buchnevich is hit by Matthew Tkachuk and loses puck.
Goals for this period are 1 for SPOKANE KNIGHTS vs 0 for KELOWNA ROCKETS.
Shots for this period are 10 for SPOKANE KNIGHTS vs 9 for KELOWNA ROCKETS.


JOHNNY
GAUDREAU
MATTHEW
BOLDY
OWEN
TIPPETT

EAST COAST

HOCKEY LEAGUE

  • 29.PIT6MAN7
  • 30.ATL6NHW2
  • 31.WOR4PET3
  • 32.3RHI4
  • 33.CHIQUE
  • 34.LIMCHA
  • 35.LONTRV
  • 36.BALCHW